 Dungeon Crawl Stone Soup version 0.21-a0-442-g848f44b (webtiles) character file.

43786 tilp the Bludgeoner (level 13, -5/103 HPs)
             Began as a Demonspawn Berserker on Nov 14, 2017.
             Was a High Priest of Trog.
             Slain by a sixfirhy (10 damage)
             ... summoned by an orc high priest
             ... on level 2 of the Orcish Mines.
             The game lasted 01:01:26 (20949 turns).

tilp the Bludgeoner (Demonspawn Berserker)         Turns: 20949, Time: 01:01:28

Health: -5/103     AC: 25    Str: 24    XL:     13   Next: 92%
Magic:  4/4        EV: 13    Int:  5    God:    Trog [*****.]
Gold:   1704       SH:  4    Dex: 12    Spells: 12/12 levels left

rFire    + . .     SeeInvis .   q - +5 great mace (antimagic)
rCold    . . .     Gourm    .   (shield currently unavailable)
rNeg     + . .     Faith    .   p - +2 pearl dragon scales
rPois    +         Spirit   .   e - +2 helmet
rElec    .         Reflect  +   C - +2 cloak
rCorr    +         Harm     .   (no gloves)
MR       +....                  (no boots)
Stlth    ..........             S - +4 amulet of reflection
HPRegen  0.27/turn              R - ring "Reisotwe" {+Fly rPois MR+ Int-3}
MPRegen  0.09/turn              U - +3 ring of slaying

@: berserk cooldown, very slightly contaminated, slowed, very slow
A: hooves 1, yellow scales 3, fire resistance 1, spiny 1, flame cloud immunity
a: Berserk, Trog's Hand, Brothers in Arms, Burn Spellbooks, Renounce Religion,
Evoke Flight


You were on level 2 of the Orcish Mines.
You worshipped Trog.
Trog was extremely pleased with you.
You were very hungry.

You visited 4 branches of the dungeon, and saw 20 of its levels.
You also visited: Labyrinth.

You collected 2255 gold pieces.
You spent 551 gold pieces at shops.

Inventory:

Hand Weapons
 q - a +5 antimagic great mace (weapon)
Missiles
 n - 7 poisoned javelins (quivered)
Armour
 c - a scarf of resistance
 e - a +2 helmet (worn)
 p - +2 pearl dragon scales (worn)
 C - a +2 cloak (worn)
Jewellery
 v - an uncursed ring of protection from fire
 F - an uncursed ring of protection from cold
 R - the ring "Reisotwe" (left hand) {+Fly rPois MR+ Int-3}
   (You bought it in a shop on level 8 of the Dungeon)

   [ring of intelligence]

   It affects your intelligence (-3).
   It protects you from poison.
   It affects your resistance to hostile enchantments.
   It lets you fly.
 S - a +4 amulet of reflection (around neck)
 T - an uncursed ring of protection from magic
 U - a +3 ring of slaying (right hand)
Wands
 a - a wand of enslavement (16/24)
 s - a wand of polymorph (13/24)
 w - a wand of iceblast (5/15)
 H - a wand of digging (9/24)
 P - a wand of paralysis (12/24)
 W - a wand of flame (31/48)
Scrolls
 b - 3 scrolls of recharging
 d - a scroll of amnesia {unknown}
 h - a scroll of identify
 i - 2 scrolls of blinking
 m - a scroll of vulnerability {unknown}
 o - 2 scrolls of magic mapping
 r - 7 scrolls of teleportation
 x - a scroll of brand weapon {unknown}
 y - 3 scrolls of fog
 I - a scroll of fear {unknown}
 K - 5 scrolls of enchant weapon {unknown}
 N - 5 scrolls of random uselessness {unknown}
 V - a scroll of holy word {unknown}
 X - 2 scrolls of noise {unknown}
 Z - 2 scrolls of silence {unknown}
Potions
 f - 2 potions of ambrosia
 t - 3 potions of resistance
 u - 2 potions of haste
 A - 3 potions of might
 D - 2 potions of agility
 G - a potion of invisibility
 L - 5 potions of curing
 M - 6 potions of heal wounds
Comestibles
 g - 5 chunks of flesh
 z - 26 fruits


   Skills:
 - Level 10.0 Fighting
 * Level 17.7 Maces & Flails
 + Level 3.4 Throwing
 - Level 6.0 Armour
 - Level 6.1 Dodging


You had 12 spell levels left.
You didn't know any spells.

Dungeon Overview and Level Annotations

Branches:
Dungeon (12/15)            Temple (1/1) D:4            Lair (5/6) D:11
  Swamp (0/4) Lair:4        Snake (0/4) Lair:2          Orc (2/2) D:10
  Slime: Lair:5-6       Elf: Orc:2

Altars:
Ashenzari
Cheibriados
Dithmenos
Elyvilon
Fedhas
Gozag
Hepliaklqana
Kikubaaqudgha
Makhleb
Nemelex Xobeh
Okawaru
Qazlal
Ru
Sif Muna
Trog
Uskayaw
Vehumet
Wu Jian
Xom
Yredelemnul
Zin
The Shining One
Beogh

Shops:
D:8 =

Portals:
Trove: D:10 (show abyssal rune of Zot)

Annotations:
D:3 Ratty's ghost, novice GnAr
D:4 Sigmund
D:5 Dowan


Innate Abilities, Weirdness & Mutations

You have large cloven feet.
You are completely covered in yellow scales. (AC +4, rCorr)
Your flesh is heat resistant. (rF+)
You are partially covered in sharp spines.
You are immune to clouds of flame.


Message History

Blink to where?
Press: ? - help, Dir - move target cursor You are very lightly contaminated with residual magic.
As you read the scroll of blinking, it crumbles to dust.
The sixfirhy hits you. The sixfirhy shocks you!
The sixfirhy is struck by your spines.
The sixfirhy hits you but does no damage.
The orc sorcerer mumbles some strange words.
The sixfirhy hits you but does no damage.
The orc high priest utters an invocation to Beogh.
The sixfirhy hits you but does no damage.
The orc knight roars a battlecry!
The sixfirhy hits you!
* * * LOW HITPOINT WARNING * * *
The sixfirhy shocks you!
* * * LOW HITPOINT WARNING * * *
The sixfirhy hits you!
* * * LOW HITPOINT WARNING * * *
The sixfirhy shocks you!
You die...

.........#... ###.....
##...............###.##....
#................##...##)..
...................#.####).
......................##÷##
.....................#....
..........)).)...).)....#
##.........)).....##.##
###.4..3@...........#####
##...................##
##....o........#.#.....#
##.o.o.#####...........##
#..oo### #..............##
#..†## ####.#......#...#
#.))## ####..#.##..##
##.).# ######...#
#..).o÷..÷ ##.##


You could see an orc high priest, a hellwing, a sixfirhy and 2 orc sorcerers.

Vanquished Creatures
  Josephine (Lair:4)
  A minotaur (Lab)
  The ghost of Gruud the Slinger, a journeyman DsHu of Makhleb (Lair:2)
  5 hydras
  4 two-headed ogres
  The ghost of nikopol the Thaumaturge, a journeyman DEFE of Sif Muna (Lair:1)
  Nergalle (Lair:4)
  A skeletal warrior (D:12)
  A necromancer (Lair:5)
  3 orc knights (Orc:2)
  A wolf spider zombie (D:12)
  2 cyclopes
  10 elephants
  3 black mambas
  A centaur zombie (D:12)
  4 komodo dragons
  6 spiny frogs
  A polar bear (Lair:3)
  3 trolls
  4 hornets
  4 blink frogs (Lair:3)
  9 hippogriffs
  26 yaks
  7 wraiths
  Eustachio (D:4)
  A basilisk (Lair:5)
  3 wargs (Orc:1)
  A soldier ant (D:8)
  17 porcupines
  2 acid dragons
  15 water moccasins
  21 orc warriors
  Duvessa (D:5)
  An ice beast (D:9)
  A black bear (D:12)
  3 phantoms
  11 ogres
  6 centaurs
  8 wolves
  10 crocodiles
  Blork the orc (D:4)
  4 big kobolds
  18 bullfrogs
  2 scorpions
  7 wights
  An electric eel (Lair:2)
  6 crimson imps
  2 bullfrog zombies
  A quasit (D:7)
  9 hounds
  6 jellies
  18 orc priests
  3 bullfrog skeletons
  A centaur skeleton (D:5)
  5 iguanas
  Ijyb (D:4)
  25 orc wizards
  4 polar bear simulacra (Lair:5)
  4 worker ants
  A yak simulacrum (Lair:5)
  2 wolf simulacra (Lair:5)
  A hound skeleton (D:6)
  14 gnolls
  24 adders
  4 shadow imps
  5 oozes
  3 worms
  4 dart slugs (D:1)
  2 leopard geckos
  91 orcs
  9 giant cockroaches
  6 goblins
  22 hobgoblins
  3 jackals (D:1)
  17 kobolds
  9 quokkas
  4 ball pythons
  3 bats
  6 frilled lizards
  A jackal skeleton (D:6)
  2 jackal zombies
  6 rats
  4 river rat simulacra (Lair:5)
563 creatures vanquished.

Vanquished Creatures (collateral kills)
  An orc knight (D:11)
  An elephant (Lair:4)
  4 dream sheep (Lair:4)
6 creatures vanquished.

Vanquished Creatures (others)
  8 fungi
  4 plants
12 creatures vanquished.

Grand Total: 581 creatures vanquished

Notes
Turn   | Place    | Note
-------+----------+-------------------------------------------
     0 | D:1      | tilp the Demonspawn Berserker began the quest for the Orb.
     0 | D:1      | Reached XP level 1. HP: 18/18 MP: 1/1
   350 | D:1      | Reached skill level 3 in Maces & Flails
   415 | D:1      | Gained mutation: You are partially covered in sharp spines. [demonic ancestry]
   415 | D:1      | Reached XP level 2. HP: 20/24 MP: 2/2
  1027 | D:1      | Reached XP level 3. HP: 25/29 MP: 3/3
  1376 | D:1      | Reached ** piety under Trog
  1575 | D:2      | Reached skill level 4 in Maces & Flails
  1654 | D:2      | Reached XP level 4. HP: 34/37 MP: 4/4
  2684 | D:3      | Noticed Ratty's ghost (novice GnAr)
  2696 | D:3      | Reached *** piety under Trog
  2891 | D:3      | Gained mutation: You are partially covered in yellow scales. (AC +2) [demonic ancestry]
  2891 | D:3      | Reached XP level 5. HP: 42/42 MP: 5/5
  3225 | D:4      | Noticed Eustachio
  3444 | D:4      | Noticed Blork the orc
  3462 | D:4      | Killed Blork the orc
  3462 | D:4      | Reached skill level 5 in Maces & Flails
  3549 | D:4      | Gained mutation: You have large cloven feet. [demonic ancestry]
  3549 | D:4      | Reached XP level 6. HP: 49/49 MP: 6/6
  3619 | D:4      | Found a glowing golden altar of the Shining One.
  3731 | D:4      | Killed Eustachio
  3731 | D:4      | Reached skill level 5 in Fighting
  3731 | D:4      | Reached skill level 6 in Maces & Flails
  3897 | D:4      | Gained mutation: Your flesh is heat resistant. (rF+) [demonic ancestry]
  3897 | D:4      | Reached XP level 7. HP: 56/56 MP: 7/7
  3911 | D:4      | Noticed Ijyb
  3932 | D:4      | Killed Ijyb
  4027 | D:4      | Noticed Sigmund
  4347 | D:4      | Found a staircase to the Ecumenical Temple.
  4366 | Temple   | Entered the Ecumenical Temple
  4630 | D:5      | Entered Level 5 of the Dungeon
  4857 | D:5      | Reached **** piety under Trog
  4942 | D:5      | Reached skill level 7 in Maces & Flails
  5057 | D:5      | Noticed Duvessa
  5058 | D:5      | Noticed Dowan
  5086 | D:5      | Killed Duvessa
  5336 | D:5      | Gained mutation: You are mostly covered in yellow scales. (AC +3) [demonic ancestry]
  5336 | D:5      | Reached XP level 8. HP: 64/64 MP: 8/8
  5658 | D:6      | Reached skill level 8 in Maces & Flails
  6025 | D:6      | Reached skill level 9 in Maces & Flails
  6509 | D:7      | Found a hazy altar of Hepliaklqana.
  6524 | D:7      | Reached XP level 9. HP: 67/69 MP: 9/9
  6854 | D:7      | Reached ***** piety under Trog
  6974 | D:7      | Reached skill level 5 in Armour
  6975 | D:7      | Reached skill level 10 in Maces & Flails
  7598 | D:8      | Received a gift from Trog
  7661 | D:8      | Found a shattered altar of Ashenzari.
  7933 | D:8      | Found Agitz's Jewellery Shop.
  7936 | D:8      | Bought the cursed ring "Reisotwe" {+Fly rPois MR+ Int-3} for 200 gold pieces
  8082 | D:8      | Reached skill level 11 in Maces & Flails
  8088 | D:8      | Gained mutation: You are immune to clouds of flame. [demonic ancestry]
  8088 | D:8      | Reached XP level 10. HP: 76/76 MP: 10/10
  8458 | D:8      | Found a hide-covered altar of Uskayaw.
  8672 | D:9      | Noticed a two-headed ogre
  8677 | D:9      | Killed a two-headed ogre
  8800 | D:9      | Reached skill level 12 in Maces & Flails
  9157 | D:9      | Found a blossoming altar of Fedhas.
  9190 | D:9      | Found an ornate altar of the Wu Jian Council.
  9701 | D:10     | Entered Level 10 of the Dungeon
  9701 | D:10     | Found a portal to a secret trove of treasure.
  9701 | D:10     | Noticed a two-headed ogre
  9705 | D:10     | Killed a two-headed ogre
  9827 | D:10     | Found a roughly hewn altar of Beogh.
  9827 | D:10     | Found a staircase to the Orcish Mines.
  9829 | D:10     | Received a gift from Trog
  9971 | D:10     | Reached skill level 13 in Maces & Flails
 10128 | D:10     | Reached XP level 11. HP: 48/81 MP: 3/11
 11135 | D:11     | Noticed a two-headed ogre
 11151 | D:11     | Killed a two-headed ogre
 11457 | D:11     | Reached skill level 5 in Dodging
 11960 | D:11     | Noticed an orc knight
 11968 | D:11     | Killed an orc knight
 12329 | D:11     | Found a staircase to the Lair.
 12379 | D:12     | Reached skill level 14 in Maces & Flails
 12410 | D:12     | Got a bloodstained war axe
 12506 | D:12     | Noticed a skeletal warrior
 12523 | D:12     | Killed a skeletal warrior
 13132 | D:8      | Bought a +4 amulet of reflection for 351 gold pieces
 13210 | Lair:1   | Entered Level 1 of the Lair of Beasts
 13210 | Lair:1   | Noticed a four-headed hydra
 13213 | Lair:1   | Killed a four-headed hydra
 13217 | Lair:1   | Identified the +2 war axe of Ointment {venom, Str+6} (You found it on level 12 of the Dungeon)
 13261 | Lair:1   | Found a labyrinth entrance.
 13267 | Lab      | Entered a labyrinth
 13466 | Lab      | Noticed a minotaur
 13474 | Lab      | Killed a minotaur
 13477 | Lab      | Got a brightly glowing bardiche {holy}
 13822 | Lair:1   | Gained mutation: You are completely covered in yellow scales. (AC +4, rCorr) [demonic ancestry]
 13822 | Lair:1   | Reached XP level 12. HP: 74/89 MP: 4/12
 13832 | Lair:1   | Noticed nikopol's ghost (journeyman DEFE)
 13845 | Lair:1   | Killed nikopol's ghost
 14289 | Lair:1   | Reached skill level 15 in Maces & Flails
 14536 | Lair:2   | Noticed Gruud's ghost (journeyman DsHu)
 14579 | Lair:2   | Received a gift from Trog
 14772 | Lair:2   | Found a staircase to the Snake Pit.
 15144 | Lair:2   | Killed Gruud's ghost
 16207 | Lair:3   | Noticed a six-headed hydra
 16233 | Lair:3   | Killed a six-headed hydra
 16233 | Lair:3   | Reached skill level 16 in Maces & Flails
 16461 | Lair:3   | Received a gift from Trog
 16994 | Lair:3   | Reached XP level 13. HP: 100/100 MP: 4/13
 17162 | Lair:4   | Noticed Josephine
 17468 | Lair:4   | Found a staircase to the Swamp.
 17491 | Lair:4   | Killed Josephine
 17886 | Lair:4   | Noticed Nergalle
 17895 | Lair:4   | Killed Nergalle
 18171 | Lair:5   | Reached skill level 17 in Maces & Flails
 18181 | Lair:5   | Reached skill level 10 in Fighting
 18572 | Lair:5   | Received a gift from Trog
 18685 | Lair:5   | Reached skill level 1 in Throwing
 19585 | Orc:1    | Entered Level 1 of the Orcish Mines
 19903 | Orc:2    | Entered Level 2 of the Orcish Mines
 20673 | Orc:2    | Received a gift from Trog
 20949 | Orc:2    | HP: 5/103 [sixfirhy[an orc high priest] (7)]
 20949 | Orc:2    | Slain by a sixfirhy

Vault maps used:
D:1:      minmay_arrival_shattered_statue
D:3:      first_bread
D:4:      temple_fountains, nicolae_tso_carved_into_rock, uniq_sigmund,
          uniq_ijyb, uniq_eustachio, uniq_blork_the_orc
D:5:      uniq_duvessa
D:6:      item_on_display_b
D:7:      nicolae_overflow_crystal_walls
D:8:      kennysheep_mini, cheibrodos_ashenzari_chains, serial_shops,
          nicolae_shop_behind_doors, hangedman_pestilent_swarm,
          serial_park_tiny_1
D:9:      kennysheep_housing_project, lemuel_crystal_altar, old_standard_altar,
          supply_closet_lemuel
D:10:     david_orc_5, enter_trove_2
D:11:     cheibrodos_orc_bank, grunt_lair_entry_orc_guard_hut
D:12:     minmay_the_grid_square_5x5_4x4, uniq_fannar
Temple:   bh_familiar_temple
Lair:1:   lab_entry_generic, grunt_megastairs_3, lemuel_fruit_tree
Lair:2:   minmay_snake_entry_six_corridors, serial_bayou_shore_b
Lair:4:   swamp_mist, grunt_megastairs_2, uniq_josephine, uniq_nergalle
Lair:5:   eino_house_with_fridge, grunt_megastairs_4, serial_bayou_shore_b
Orc:2:    grunt_orc_tribal_feast, serial_shops, shop, mines2_david
Lab:      labyrinth_watery, nicolae_lab_do_over

Skill      XL: |  1  2  3  4  5  6  7  8  9 10 11 12 13 |
---------------+----------------------------------------+-----
Maces & Flails | 3 4 5 6 7 9 11 13 14 16 17 | 17.7
Fighting       | 4 5 6 8 10 | 10.0
Armour         | 2 4 6 |  6.0
Dodging        | 3 6 |  6.1
Throwing       | 3 |  3.4

Action                   |  1- 3 |  4- 6 |  7- 9 | 10-12 | 13-15 || total
-------------------------+-------+-------+-------+-------+-------++-------
Melee: Mace              |    83 |   121 |    31 |       |       ||   235
       Kick              |       |     5 |    76 |   168 |    98 ||   347
       Morningstar       |       |       |   242 |   119 |       ||   361
       Great mace        |       |       |       |   409 |   278 ||   687
Throw: Stone             |    11 |    18 |     6 |       |       ||    35
       Tomahawk          |       |       |     3 |     8 |     2 ||    13
       Javelin           |       |       |       |       |     1 ||     1
Invok: Berserk           |       |     5 |     6 |    21 |     9 ||    41
       Burn Spellbooks   |       |       |     1 |     2 |       ||     3
       Trog's Hand       |       |       |     2 |     5 |     3 ||    10
       Brothers in Arms  |       |       |       |     2 |     1 ||     3
  Use: Potion            |     1 |       |       |       |       ||     1
       Scroll            |       |       |    18 |     8 |     2 ||    28
 Stab: Sleeping          |     2 |       |     1 |       |       ||     3
  Eat: Chunk             |     2 |    12 |    31 |    44 |    20 ||   109
       Fruit             |       |       |       |       |     1 ||     1
Armor: Animal skin       |    18 |       |       |       |       ||    18
       Ring mail         |       |    32 |    93 |    65 |       ||   190
       Plate armour      |       |       |       |    53 |       ||    53
       Pearl dragon scal |       |       |       |   109 |   153 ||   262
Dodge: Dodged            |    46 |    63 |   168 |   241 |   129 ||   647
Block: Other             |       |       |       |    40 |    49 ||    89
       Reflection        |       |       |       |       |     1 ||     1

Table legend:
 A = Spawn XP
 B = Non-spawn XP
 C = Spawn XP percentage of total XP
 D = Spawn monster count
 E = Non-spawn monster count
 F = Spawn count percentage of total count
 G = Total turns spent on level
                    A         B        C        D         E        F      G
               +---------+---------+-------+---------+---------+-------+---------
         Total |       0 |   62552 |   0.0 |       0 |     569 |   0.0 | 20949
               +---------+---------+-------+---------+---------+-------+---------
           D:1 |       0 |      66 |   0.0 |       0 |      27 |   0.0 |  1606
           D:2 |       0 |      59 |   0.0 |       0 |      12 |   0.0 |   817
           D:3 |       0 |     118 |   0.0 |       0 |      30 |   0.0 |  1039
           D:4 |       0 |     694 |   0.0 |       0 |      26 |   0.0 |   958
           D:5 |       0 |     627 |   0.0 |       0 |      17 |   0.0 |   980
           D:6 |       0 |    1141 |   0.0 |       0 |      31 |   0.0 |   877
           D:7 |       0 |    1443 |   0.0 |       0 |      27 |   0.0 |   784
           D:8 |       0 |    1739 |   0.0 |       0 |      24 |   0.0 |  1300
           D:9 |       0 |    1977 |   0.0 |       0 |      38 |   0.0 |  1192
          D:10 |       0 |    4288 |   0.0 |       0 |      51 |   0.0 |  1448
          D:11 |       0 |    4550 |   0.0 |       0 |      46 |   0.0 |  1787
          D:12 |       0 |    2282 |   0.0 |       0 |      11 |   0.0 |   257
        Lair:1 |       0 |    5351 |   0.0 |       0 |      20 |   0.0 |  1086
        Lair:2 |       0 |    5544 |   0.0 |       0 |      36 |   0.0 |  1139
        Lair:3 |       0 |    8358 |   0.0 |       0 |      35 |   0.0 |  1587
        Lair:4 |       0 |    9286 |   0.0 |       0 |      30 |   0.0 |   934
        Lair:5 |       0 |    6851 |   0.0 |       0 |      33 |   0.0 |  1162
         Orc:1 |       0 |    2887 |   0.0 |       0 |      35 |   0.0 |   756
         Orc:2 |       0 |    4180 |   0.0 |       0 |      39 |   0.0 |   608
           Lab |       0 |    1111 |   0.0 |       0 |       1 |   0.0 |   422
               +---------+---------+-------+---------+---------+-------+---------
